AoeStats
← TKBXPT2214

Arabia

505114104Analyzed
4v4 RM · 26d ago on Sep 7, 2026· 23m 33s· 8 players
Game mode
Random Map
Map size
Large (8 player)
Population
200
Speed
Normal
Resources
Standard
Victory
Conquest
Starting age
Dark Age
Ending age
Imperial Age
RankedLock teamsTeams togetherTeam positionsShared explorationLock speedFull tech treeHidden civsTurbo modeCheats
Victory
Defeat
🇺🇸 Cumans · United States
945
+21
🇻🇪 Chinese · Venezuela
923
+22
🇲🇹 Spanish · Malta
923
+22
🇨🇴 Khmer · Colombia
896
+23
🇺🇸 Persians · United States
1108
-24
🇦🇷 Maya · Argentina
1089
-23
🇺🇦 Spanish · Ukraine
1029
-21
🇬🇹 Khmer · Guatemala
1007
-20
KabaH4iK
11:11 Feudal Age
9:42 Loom
16:21 Castle Age
15:34 Stone Mining
15:38 Double-Bit Axe
15:37 Horse Collar
20:20 Heavy Plow
21:22 Bow Saw
Muerto de Hambre
4:16 Loom
12:17 Feudal Age
16:39 Castle Age
14:37 Horse Collar
14:47 Double-Bit Axe
20:21 Bow Saw
Lil Bullz
6:09 Loom
9:00 Feudal Age
12:35 Double-Bit Axe
14:49 Horse Collar
21:07 Castle Age
19:45 Gold Mining
19:52 Fletching
TKBXPT2214
0:29 Loom
11:52 Feudal Age
13:22 Wheelbarrow
19:51 Castle Age
20:10 Fletching
20:21 Padded Archer Armor
20:34 Gold Mining
20:30 Double-Bit Axe
21:20 Hand Cart
21:13 Crossbowman
rojasfelix253
0:32 Loom
10:10 Feudal Age
13:56 Wheelbarrow
13:18 Double-Bit Axe
17:59 Man-at-Arms
jgmolina20
8:21 Loom
10:52 Feudal Age
17:19 Bloodlines
19:05 Double-Bit Axe
25:47 Castle Age
MacuStar
0:50 Loom
10:21 Feudal Age
10:51 Double-Bit Axe
Eduard IV
8:33 Loom
11:00 Feudal Age
19:49 Scale Barding Armor
24:21 Castle Age
Connection lost

Rejoining the realm…

Still unreachable

The connection could not be restored.

Session expired

The server has moved on; the page needs a fresh start.